 Dungeon Crawl Stone Soup version 0.19.0-2-gae57169 (webtiles) character file.

1029 Glaeka the Gusty (level 8, 0/42 HPs)
             Began as a Deep Elf Air Elementalist on Nov 7, 2016.
             Slain by hyperlasty's ghost (26 damage)
             ... on level 7 of the Dungeon.
             The game lasted 00:24:27 (3268 turns).

Glaeka the Gusty (Deep Elf Air Elementalist)        Turns: 3268, Time: 00:24:28

Health: 0/42       AC:  2    Str:  6    XL:     8   Next: 3%
Magic:  16/20      EV: 14    Int: 22    God:
Gold:   194        SH:  0    Dex: 15    Spells: 5 memorised, 7 levels left

rFire  . . .     SeeInvis .     a - +0 quarterstaff
rCold  . . .     Gourm    .     g - +0 robe
rNeg   . . .     Faith    .     (shield currently unavailable)
rPois  .         Spirit   .     (no helmet)
rElec  .         Reflect  .     (no cloak)
rCorr  .         Harm     .     (no gloves)
MR     .....                    (no boots)
Stlth  ++........               (no amulet)
                                (no ring)
                                (no ring)

@: repel missiles
A: no striking features
a: no special abilities


You were on level 7 of the Dungeon.
You were not hungry.

You visited 1 branch of the dungeon, and saw 7 of its levels.
You also visited: Ossuary.

You collected 194 gold pieces.

Inventory:

Hand Weapons
 a - a +0 quarterstaff (weapon)
 s - a +1 mace of protection
 w - a +2 trident of venom
 y - a +0 morningstar of freezing
Missiles
 e - 7 javelins (quivered)
 h - 8 curare-tipped needles
 u - 9 poisoned needles
Armour
 g - a +0 robe (worn)
Jewellery
 A - a +2 ring of protection {unknown}
Wands
 t - a wand of paralysis (9/24)
Scrolls
 i - a scroll of remove curse
 j - 2 scrolls of immolation
 k - 2 scrolls of blinking {unknown}
 r - 2 scrolls of identify
 z - a scroll of recharging {unknown}
Potions
 d - 3 potions of brilliance
 l - a potion of cancellation {unknown}
 m - 4 potions of heal wounds {unknown}
 n - a potion of resistance {unknown}
 o - a potion of ambrosia {unknown}
 p - 4 potions of curing {unknown}
 q - a potion of might {unknown}
 v - a potion of flight {unknown}
Books
 b - a book of Air

   Spells                             Type                      Level
   a - Shock                          Conjuration/Air              1
   b - Swiftness                      Charms/Air                   2
   c - Repel Missiles                 Charms/Air                   2
   d - Static Discharge               Conjuration/Air              3
   e - Lightning Bolt                 Conjuration/Air              5
Comestibles
 c - 4 bread rations
 f - a meat ration
 x - 3 chunks of flesh
 B - a royal jelly


   Skills:
 + Level 0.7 Fighting
 - Level 0.1 Maces & Flails
 + Level 4.1 Dodging
 - Level 2.4 Stealth
 + Level 6.8 Spellcasting
 + Level 4.1 Conjurations
 + Level 0.4 Charms
 * Level 7.0 Air Magic


You had 7 spell levels left.
You knew the following spells:

 Your Spells              Type           Power        Failure   Level  Hunger
a - Shock                 Conj/Air       ####         1%          1    None
b - Swiftness             Chrm/Air       ###.....     3%          2    None
c - Repel Missiles        Chrm/Air       ###...       3%          2    None
d - Static Discharge      Conj/Air       ####....     2%          3    None
e - Lightning Bolt        Conj/Air       ####......   28%         5    #####..


Dungeon Overview and Level Annotations

Branches:
Dungeon (7/15)
 Temple: D:4-7

Altars:
Dithmenos

Annotations:
D:4 redbearon's ghost, amateur TeGl
D:5 Menkaure
D:6 Snicker's ghost, novice SpEn
D:7 hyperlasty's ghost, novice CeCK


Message History

The bullfrog zombie is almost destroyed.
The bullfrog zombie closely misses you.
Casting: Shock
Confirm with . or Enter, or press ? or * to list all spells.
Aiming: Shock
Press: ? - help, Shift-Dir - straight line, f/p - bullfrog zombie
Aim: a bullfrog zombie (almost destroyed)
The zap hits the bullfrog zombie.
You destroy the bullfrog zombie!
You have reached level 8!
You feel clever.
Found 9 gold pieces.
You now have 185 gold pieces (gained 5).
You now have 194 gold pieces (gained 9).
Hyperlasty's ghost (novice Centaur Chaos Knight) comes into view.
Hyperlasty's ghost barely misses you.
Hyperlasty's ghost whispers, "The ORB doesn't exist."
Hyperlasty's ghost hits you!!
Ouch! That really hurt!
You die...

#.####..# #.......#
######..# #### #..#
#.. ##.# #.# #.#
.######.# #.#
........############>#
...............W@...##
........###########.#
..................#.#
..................#.#
..........########..#
########..#
#.........# #..#
#.##.####.# #.... #
#.. #...## ##.


You could see hyperlasty's ghost.

Vanquished Creatures
  An ice beast (D:5)
  An ogre (D:5)
  A centaur (D:5)
  2 elf zombies (Ossuary)
  A bullfrog (D:7)
  A scorpion (D:5)
  A bullfrog zombie (D:7)
  2 centaur zombies
  A hound (D:4)
  An orc priest (D:6)
  A centaur skeleton (D:5)
  2 iguanas
  An orc wizard (D:6)
  4 worker ants
  2 mummies (Ossuary)
  A gnoll (D:1)
  6 adders
  A worm zombie (D:6)
  An adder skeleton (D:4)
  A dart slug (D:2)
  3 leopard geckos
  6 orcs
  A ball python (D:4)
  3 bats
  3 giant cockroaches
  5 goblins
  4 hobgoblins
  3 jackals (D:5)
  4 kobolds
  3 quokkas
  5 frilled lizards
  A jackal zombie (D:6)
  2 rats
75 creatures vanquished.

Notes
Turn   | Place    | Note
-------+----------+-------------------------------------------
     0 | D:1      | Glaeka the Deep Elf Air Elementalist began the quest for the Orb.
     0 | D:1      | Reached XP level 1. HP: 10/10 MP: 6/6
   112 | D:1      | Reached XP level 2. HP: 11/15 MP: 0/8
   154 | D:1      | Learned a level 2 spell: Swiftness
   157 | D:1      | Learned a level 2 spell: Repel Missiles
   672 | D:2      | Reached skill level 4 in Air Magic
   672 | D:2      | Reached XP level 3. HP: 19/19 MP: 4/9
   677 | D:2      | Learned a level 3 spell: Static Discharge
  1052 | D:2      | Reached XP level 4. HP: 24/24 MP: 5/11
  1112 | D:3      | Noticed a phantom
  1271 | D:4      | Noticed redbearon's ghost (amateur TeGl)
  1388 | D:4      | Found a shadowy altar of Dithmenos.
  1437 | D:4      | Noticed an ogre
  1477 | D:4      | Reached XP level 5. HP: 28/28 MP: 6/13
  1754 | D:5      | Entered Level 5 of the Dungeon
  1765 | D:5      | Noticed a centaur
  1780 | D:5      | Killed a centaur
  1780 | D:5      | Reached skill level 5 in Air Magic
  1782 | D:5      | Reached XP level 6. HP: 7/33 MP: 0/15
  1813 | D:5      | Reached skill level 5 in Spellcasting
  2043 | D:5      | Noticed an ice beast
  2060 | D:5      | Killed an ice beast
  2128 | D:5      | Reached skill level 6 in Air Magic
  2128 | D:5      | Reached XP level 7. HP: 18/37 MP: 10/17
  2487 | D:5      | Noticed Menkaure
  2601 | D:6      | Found a sand-covered staircase.
  2652 | Ossuary  | Entered an ossuary
  2934 | D:6      | Learned a level 5 spell: Lightning Bolt
  3101 | D:6      | Noticed Snicker's ghost (novice SpEn)
  3152 | D:7      | Reached skill level 7 in Air Magic
  3247 | D:7      | Reached XP level 8. HP: 23/42 MP: 12/20
  3258 | D:7      | Noticed hyperlasty's ghost (novice CeCK)
  3268 | D:7      | Slain by hyperlasty's ghost

Skill      XL: |  1  2  3  4  5  6  7 |
---------------+----------------------+-----
Air Magic      | 4 5 6 7 |  7.0
Spellcasting   | 4 5 6 |  6.8
Conjurations   | 2 3 4 |  4.1
Dodging        | 3 4 |  4.1
Fighting       | |  0.7
Maces & Flails | |  0.1
Stealth        | |  2.4
Charms         | |  0.4

Action                   |  1- 3 |  4- 6 |  7- 9 || total
-------------------------+-------+-------+-------++-------
Melee: Dagger            |     5 |     4 |       ||     9
       Unarmed           |     1 |       |       ||     1
       Quarterstaff      |       |       |    22 ||    22
       Mace              |       |       |     3 ||     3
Throw: Javelin           |     8 |     3 |       ||    11
 Cast: Shock             |    57 |    72 |    77 ||   206
       Repel Missiles    |     1 |       |       ||     1
       Static Discharge  |       |     1 |       ||     1
  Use: Scroll            |     4 |     2 |       ||     6
 Stab: Sleeping          |       |     1 |       ||     1
  Eat: Chunk             |       |     3 |       ||     3
       Meat ration       |       |     1 |       ||     1
Armor: Robe              |     2 |     4 |     4 ||    10
Dodge: Dodged            |    13 |    23 |    34 ||    70
